 Dungeon Crawl Stone Soup version 0.16-a0-3855-gd2600ac (webtiles) character file.

193 abixa the Cutter (level 6, -1/36 HPs)
             Began as a Halfling Enchanter on Jan 31, 2015.
             Was an Initiate of Ru.
             Slain by 4thArraOfDagon's ghost (7 damage)
             ... on level 3 of the Dungeon.
             The game lasted 00:15:07 (4141 turns).

abixa the Cutter (Halfling Enchanter)               Turns: 4141, Time: 00:15:08

Health: -1/36      AC:  4    Str: 10    XL:     6   Next: 3%
Magic:  9/9        EV: 14    Int: 14    God:    Ru [......]
Gold:   118        SH:  0    Dex: 15    Spells: 1 memorised, 7 levels left

rFire  . . .     SeeInvis .     a - +0 short sword (venom)
rCold  . . .     Clarity  .     x - +0 leather armour
rNeg   . . .     SustAb   .     (no shield)
rPois  .         Gourm    .     (no helmet)
rElec  .         Spirit   .     s - +0 cloak
rCorr  .         Warding  .     (no gloves)
rMut   .         Stasis   .     (no boots)
MR     .....                    (no amulet)
Stlth  ++........               (no ring)
                                (no ring)

@: not resistant to hostile enchantments, unstealthy
A: mutation resistance 1
a: Renounce Religion


You were on level 3 of the Dungeon.
You worshipped Ru.
Ru was noncommittal.
You were not hungry.

You visited 1 branch of the dungeon, and saw 3 of its levels.

You collected 118 gold pieces.

Inventory:

Hand weapons
 a - a +0 short sword of venom (weapon)
 b - a +0 hunting sling
Missiles
 g - 60 arrows
 o - 41 stones (quivered)
 C - 20 sling bullets
Armour
 m - a +1 robe
 r - a +0 ring mail
 s - a +0 cloak (worn)
 x - a +0 leather armour (worn)
Jewellery
 p - a +4 ring of protection {unknown}
 A - an uncursed ring of protection from cold {unknown}
Scrolls
 i - 3 scrolls of random uselessness {unknown}
 j - 2 scrolls of identify {unknown}
 k - 2 scrolls of teleportation
 l - a scroll of fog {unknown}
 t - a scroll of amnesia {unknown}
 v - a scroll of enchant armour {unknown}
 y - a scroll of fear {unknown}
 B - a scroll of immolation {unknown}
Potions
 e - a potion of lignification {unknown}
 f - 3 potions of curing {unknown}
 q - a potion of poison {unknown}
 u - a potion of cancellation {unknown}
 w - a potion of might {unknown}
 z - a potion of haste {unknown}
Books
 c - a book of Maledictions

   Spells                             Type                      Level
   a - Corona                         Hexes                        1
   b - Sure Blade                     Hexes/Charms                 2
   c - Ensorcelled Hibernation        Hexes/Ice                    2
   d - Confuse                        Hexes                        3
   e - Dazzling Spray                 Conjuration/Hexes            3
   f - Enslavement                    Hexes                        4
Comestibles
 d - 4 bread rations
 h - a meat ration
 n - a beef jerky


   Skills:
 + Level 6.3 Short Blades
 + Level 3.3 Slings
 - Level 2.1 Dodging
 - Level 3.2 Stealth
 - Level 1.5 Spellcasting
 - Level 2.6 Hexes


You had 7 spell levels left.
You knew the following spells:

 Your Spells              Type           Power        Failure   Level  Hunger
a - Corona                Hex            #......      12%         1    ##.....


Dungeon Overview and Level Annotations

Branches:
Dungeon (3/15)

Altars:
Ashenzari
Nemelex Xobeh
Ru

Annotations:
D:3 4thArraOfDagon's ghost, weakling TrSk


Innate Abilities, Weirdness & Mutations

You are small and have problems with some larger weapons.
You are somewhat resistant to further mutation.


Message History

You hit the goblin but do no damage.
The goblin is poisoned. 4thArraOfDagon's ghost screams, "Don't try to defend!
You have no chance!" 4thArraOfDagon's ghost hits you.
You barely miss the goblin.
The goblin is lightly wounded.
The goblin barely misses you.
You miss the goblin.
The goblin is lightly wounded. 4thArraOfDagon's ghost closely misses you.
The goblin hits you but does no damage.
You barely miss the goblin.
The goblin is lightly wounded. 4thArraOfDagon's ghost hits you!
* * * LOW HITPOINT WARNING * * *
The goblin misses you.
You hit the goblin.
The goblin looks even sicker.
The goblin is severely wounded.
You kill the goblin! 4thArraOfDagon's ghost hits you!
You die...

#........####÷.........#
##...........##.....###
#..##..#..##........#
..##..###..##.......#
.###..# #..###......# .#
#.#####.# #.....##
.######8######.##.##
.##8_.._.._8##.##W#
..##≈.....≈##..##@#
..##≈≈.†.≈≈##..##.#
...##≈≈.≈≈##..###.##
....##≈.≈##..###...#
###..##'##..###..#.# #
##...†.).## #.<..#
#######.#### #.#.##
........# #.#.#
######†########.#.#


You could see 4thArraOfDagon's ghost.

Vanquished Creatures
  Natasha (D:3)
  5 gnolls
  5 adders
  A worm (D:2)
  3 ball pythons
  4 giant cockroaches
  6 goblins
  7 hobgoblins
  4 jackals
  9 kobolds
  10 bats
  2 giant geckos (D:1)
  5 giant newts
  3 quokkas
  5 rats
70 creatures vanquished.

Notes
Turn   | Place    | Note
--------------------------------------------------------------
     0 | D:1      | abixa, the Halfling Enchanter, began the quest for the Orb.
     0 | D:1      | Reached XP level 1. HP: 11/11 MP: 2/2
   481 | D:1      | Reached XP level 2. HP: 17/17 MP: 1/3
  1003 | D:1      | Reached XP level 3. HP: 19/21 MP: 1/5
  1100 | D:1      | Reached skill level 4 in Short Blades
  1755 | D:2      | Reached XP level 4. HP: 21/27 MP: 4/6
  1821 | D:2      | Reached skill level 5 in Short Blades
  2414 | D:1      | Reached skill level 1 in Slings
  2414 | D:1      | Reached XP level 5. HP: 8/31 MP: 5/7
  3653 | D:3      | Reached skill level 6 in Short Blades
  3801 | D:3      | Found a sacrificial altar of Ru.
  3801 | D:3      | Found a shattered altar of Ashenzari.
  3809 | D:3      | Found a sparkling altar of Nemelex Xobeh.
  3822 | D:3      | Became a worshipper of Ru the Awakened
  3845 | D:3      | Noticed Natasha
  3857 | D:3      | Killed Natasha
  3857 | D:3      | Reached XP level 6. HP: 36/36 MP: 5/9
  3998 | D:3      | Noticed 4thArraOfDagon's ghost (weakling TrSk)
  4141 | D:3      | Slain by 4thArraOfDagon's ghost

Action                   |  1- 3 |  4- 6 || total
-------------------------+-------+-------++-------
Melee: Dagger            |   118 |   168 ||   286
       Short sword       |       |    20 ||    20
 Fire: Hunting sling     |       |    55 ||    55
Throw: Stone             |     1 |     3 ||     4
 Cast: Corona            |    18 |    37 ||    55
  Use: Scroll            |       |     1 ||     1
 Stab: Sleeping          |     3 |     2 ||     5
  Eat: Chunk             |     3 |     9 ||    12
